 Dungeon Crawl Stone Soup version 0.28-a0-973-ga7f8b01127 (webtiles) character file.

Game seed: 8226154932873680838

8592 porpoise the Thaumaturge (level 11, -6/63 HPs)
             Began as a Deep Elf Conjurer on Dec 2, 2021.
             Was a Priest of Vehumet.
             Shot with an arrow by a centaur warrior (18 damage)
             ... on level 10 of the Dungeon.
             The game lasted 00:51:44 (15356 turns).

porpoise the Thaumaturge (Deep Elf Conjurer)       Turns: 15356, Time: 00:51:46

Health: -6/63      AC:  5    Str:  6    XL:     11   Next: 11%
Magic:  25/29      EV: 15    Int: 26    God:    Vehumet [***...]
Gold:   533        SH:  0    Dex: 13    Spells: 14/34 levels left

rFire   . . .      SeeInvis .   a - staff of conjuration
rCold   . . .      Faith    .   (no shield)
rNeg    . . .      Spirit   .   h - +0 robe
rPois   .          Reflect  .   t - +0 helmet
rElec   .          Harm     .   (no cloak)
rCorr   .          Rampage  .   o - +0 pair of gloves
Will    +....                   g - +0 pair of boots
Stlth   +++.......              (no amulet)
HPRegen 0.20/turn               (no ring)
MPRegen 0.21/turn               (no ring)

@: no status effects
A: no striking features
a: Renounce Religion


You were on level 10 of the Dungeon.
You worshipped Vehumet.
Vehumet was most pleased with you.
You visited 1 branch of the dungeon, and saw 10 of its levels.
You also visited: Sewer and Ossuary.

You collected 533 gold pieces.

Inventory:

Hand Weapons
 b - a +2 hunting sling of freezing
 E - the +6 morningstar of the Pure Visionaries {vamp, Stlth+}
   (You found it on level 5 of the Dungeon)

   It occasionally heals its wielder for a portion of the damage dealt when it
   wounds a living foe.
   Stlth:     It makes you more stealthy.
Missiles
 d - 40 poisoned darts
 k - 394 stones
 w - 5 boomerangs
 y - 30 sling bullets
 J - 4 javelins
 K - a throwing net
Armour
 g - a +0 pair of boots (worn)
 h - a +0 robe (worn)
 m - the +1 leather armour of Noon {Str+5}
   (You found it on level 4 of the Dungeon)

   Str:       It affects your strength (+5).
 o - a +0 pair of gloves (worn)
 t - a +0 helmet (worn)
Magical Staves
 a - a staff of conjuration (weapon)
Jewellery
 L - a ring of positive energy
 T - a ring of flight
 V - a ring of positive energy
Wands
 x - a wand of iceblast (17)
 A - a wand of digging (10)
 P - a wand of polymorph (12)
 R - a wand of acid (9)
 S - a wand of charming (7)
Scrolls
 f - 4 scrolls of blinking
 j - 2 scrolls of immolation
 q - 3 scrolls of amnesia
 r - 6 scrolls of teleportation
 s - a scroll of noise
 v - a scroll of enchant weapon {unknown}
 z - a scroll of fog {unknown}
 D - a scroll of torment {unknown}
 F - a scroll of enchant armour {unknown}
 H - a scroll of silence {unknown}
 M - a scroll of holy word {unknown}
 N - a scroll of summoning {unknown}
 U - a scroll of magic mapping
Potions
 c - 4 potions of curing
 e - 5 potions of haste
 i - 3 potions of mutation
 l - 3 potions of magic
 n - 3 potions of brilliance
 p - a potion of resistance
 u - 2 potions of heal wounds
 B - 3 potions of flight
 C - 2 potions of berserk rage
 G - 4 potions of lignification
 I - a potion of invisibility
 O - 2 potions of attraction {unknown}
 Q - a potion of cancellation {unknown}


   Skills:
 - Level 5.0 Fighting
 - Level 7.0 Dodging
 - Level 7.0 Stealth
 - Level 12.0 Spellcasting
 - Level 7.0 Conjurations
 - Level 9.0 Hexes
 - Level 5.0 Translocations
 + Level 1.9 Transmutations
 + Level 1.8 Fire Magic
 + Level 1.8 Poison Magic
 - Level 5.0 Evocations


You had 14 spell levels left.
You knew the following spells:

 Your Spells              Type           Power      Damage    Failure   Level
a - Magic Dart            Conj           100%       1d8       1%          1
b - Searing Ray           Conj           100%       2d8       1%          2
c - Fulminant Prism       Conj/Hex       36%        3d18      1%          4
d - Iskenderun's Mystic   Conj/Tloc      63%        2d13      1%          4
i - Ignite Poison         Fire/Tmut/Pois 25%        N/A       1%          3
k - Blink                 Tloc           82%        N/A       1%          2
o - Olgreb's Toxic Radia  Pois           25%        N/A       5%          4

Your spell library contained the following spells:

 Spells                   Type           Power      Damage    Failure   Level
 Freeze                   Ice            60%        1d8       1%          1
 Sting                    Tmut/Pois      100%       1d8       1%          1
 Poisonous Vapours        Pois/Air       40%        N/A       1%          2
 Dazzling Flash           Conj/Hex       100%       N/A       1%          3
 Gell's Gravitas          Tloc           41%        N/A       1%          3
 Lesser Beckoning         Tloc           41%        N/A       1%          3
 Teleport Other           Tloc           41%        N/A       1%          3
 Hailstorm                Conj/Ice       50%        3d11      2%          4
 Frozen Ramparts          Ice            30%        1d5       3%          3
 Manifold Assault         Tloc           41%        N/A       13%         5
 Dispersal                Tloc           20%        N/A       58%         6


Dungeon Overview and Level Annotations

Branches:
Dungeon (10/15)            Temple (0/1) D:6             Orc (0/2) D:9
  Sewer (visited)         Ossuary (visited)
   Lair: D:8-11

Altars:
Elyvilon
Kikubaaqudgha
Qazlal
Ru
Uskayaw
Vehumet
Wu Jian
Yredelemnul
Zin

Shops:
D:9 *


Message History

The searing ray misses the killer bee.
You finish channelling your searing ray.
You feel very sick. The killer bee stings you. The killer bee misses you.
Casting: Searing Ray (safe; 1% risk of failure)
Confirm with . or Enter, or press ? or * to list all spells.
Aiming: Searing Ray (safe; 1% risk of failure)
Press: ? - help, Shift-Dir - straight line, f/p - killer bee
Aim: a killer bee (almost dead, 65% to hit)
You feel a surge of power!
The searing ray hits the killer bee.
You kill the killer bee!
Vehumet accepts your kill.
You feel your power returning. (Press . to maintain the ray.)
You feel sick.
You feel sick.
You feel sick.
You feel sick.
You feel sick.
You start resting.
You feel sick. x4
You are no longer poisoned.
You start resting.
Magic restored.
You start resting.
A centaur warrior comes into view. It is wielding a +0 dagger.
Casting: Searing Ray (safe; 1% risk of failure)
Confirm with . or Enter, or press ? or * to list all spells.
Aiming: Fulminant Prism (safe; 1% risk of failure)
Press: ? - help, Dir - move target You feel a surge of power!
You conjure a prism of explosive energy!
The centaur warrior shouts!
A fulminant prism comes into view.
The centaur warrior unwields a +0 dagger.
The centaur warrior wields a +0 longbow.
The centaur warrior shoots an arrow.
The arrow hits you!!
Ouch! That really hurt!
* * * LOW HITPOINT WARNING * * *
The centaur warrior shoots an arrow.
The arrow hits you!!
You die...

........# #.# #.# #.# #.# #.#
#.# #)# ####.######.# #.#
######..)........# #)#
..........######## #)#
##.###.#..#################.#
#.#.*c..@..............#
#.##.#########.#######.# #.
### #.#######.# #.
#.........# # #. ###########
.# .. .## ..# ..#


You could see a centaur warrior (ally target) and a friendly fulminant prism.

Vanquished Creatures
  3 two-headed ogres
  Pikel (D:4)
  An orc knight (D:10)
  An ugly thing (D:10)
  A tengu conjurer (D:8)
  A troll (D:6)
  2 wyverns
  A steam dragon (D:5)
  2 water moccasins (D:9)
  7 orc warriors
  A sky beast (D:8)
  2 black bears
  2 ogres (D:5)
  A necrophage (D:6)
  5 centaurs
  2 lemures (D:4)
  3 phantoms
  An elf zombie (Ossuary)
  3 kobold brigands
  3 bullfrogs
  A scorpion (D:2)
  2 water moccasin skeletons
  A killer bee (D:10)
  4 howler monkeys (D:8)
  12 wights
  3 jellies
  3 centaur zombies
  A hound (D:3)
  A gnoll shaman (D:4)
  3 human zombies (Ossuary)
  9 orc priests
  2 iguanas
  10 orc wizards
  5 hound zombies
  A hound skeleton (D:5)
  3 mummies (Ossuary)
  10 gnolls
  5 river rats (Sewer)
  6 adders
  A white imp (D:8)
  An ufetubus (D:6)
  7 adder zombies
  2 worms
  2 dart slugs
  29 orcs
  12 ball pythons
  7 endoplasms
  2 giant cockroaches
  A gnoll zombie (Ossuary)
  10 goblins
  5 hobgoblins
  4 jackals
  4 quokkas
  3 bats
  2 frilled lizards
  6 goblin zombies (Ossuary)
  2 hobgoblin zombies (Ossuary)
  6 jackal zombies
  35 kobolds
  2 kobold zombies (Ossuary)
  3 quokka zombies (Ossuary)
  23 rats
  4 rat zombies (Ossuary)
298 creatures vanquished.

Vanquished Creatures (others)
  43 fulminant prisms
  36 plants
79 creatures vanquished.

Grand Total: 377 creatures vanquished

Notes
Turn   | Place    | Note
-------+----------+-------------------------------------------
     0 | D:1      | porpoise the Deep Elf Conjurer began the quest for the Orb.
     0 | D:1      | Reached XP level 1. HP: 10/10 MP: 6/6
   317 | D:1      | Reached XP level 2. HP: 15/15 MP: 5/8
   320 | D:1      | Learned a level 2 spell: Searing Ray
   356 | D:1      | Found a faded altar of an unknown god.
  1218 | D:2      | Noticed a scorpion
  1223 | D:2      | Killed a scorpion
  1224 | D:2      | Reached skill level 4 in Spellcasting
  1224 | D:2      | Reached skill level 5 in Conjurations
  1224 | D:2      | Reached XP level 3. HP: 19/19 MP: 3/11
  1224 | D:2      | Reached XP level 4. HP: 24/24 MP: 3/12
  1295 | D:2      | Learned a level 4 spell: Fulminant Prism
  1300 | D:2      | Learned a level 4 spell: Iskenderun's Mystic Blast
  1577 | D:2      | You fall into a shaft and drop 2 floors!
  1582 | D:4      | Identified the +1 leather armour of Noon {Str+5}
  1696 | D:3      | Found a glowing drain.
  1698 | D:3      | Reached skill level 5 in Spellcasting
  1698 | D:3      | Reached skill level 1 in Hexes
  1724 | Sewer    | Entered a sewer
  2223 | Sewer    | Reached XP level 5. HP: 28/28 MP: 9/14
  2819 | Sewer    | Reached skill level 6 in Spellcasting
  3036 | Sewer    | Reached XP level 6. HP: 32/32 MP: 13/17
  4115 | D:3      | Learned a level 2 spell: Blink
  4547 | D:4      | HP: 1/32 [orc priest/nerve-wracking pain (5)]
  4876 | D:4      | Found a basalt altar of Yredelemnul.
  5028 | D:4      | Reached skill level 7 in Spellcasting
  5028 | D:4      | Reached skill level 5 in Hexes
  5028 | D:4      | Reached XP level 7. HP: 32/36 MP: 10/19
  5102 | D:4      | Noticed Pikel
  5112 | D:4      | Killed Pikel
  5113 | D:4      | Reached skill level 5 in Stealth
  5268 | D:4      | Reached XP level 8. HP: 38/41 MP: 7/20
  5381 | D:4      | Found an ancient bone altar of Kikubaaqudgha.
  5383 | D:4      | Found a stormy altar of Qazlal.
  5384 | D:4      | Found an ornate altar of the Wu Jian Council.
  5386 | D:4      | Found a glowing silver altar of Zin.
  5387 | D:4      | Found a radiant altar of Vehumet.
  5388 | D:4      | Found a hide-covered altar of Uskayaw.
  5393 | D:4      | Became a worshipper of Vehumet
  5792 | D:5      | Entered Level 5 of the Dungeon
  6417 | D:5      | Identified the +6 morningstar of the Pure Visionaries
                  | {vamp, Stlth+}
  6990 | D:6      | Reached skill level 5 in Translocations
  7873 | D:6      | Found a white marble altar of Elyvilon.
  7968 | D:6      | Reached skill level 8 in Spellcasting
  8093 | D:6      | Noticed a troll
  8106 | D:6      | Killed a troll
  8107 | D:6      | Reached skill level 1 in Fighting
  8107 | D:6      | Reached XP level 9. HP: 47/47 MP: 11/23
  8304 | D:6      | Found a staircase to the Ecumenical Temple.
  8865 | D:7      | Identified a scroll of acquirement
  8865 | D:7      | Acquired a staff of conjuration
  8951 | D:7      | Reached skill level 9 in Spellcasting
  9625 | D:7      | Reached * piety under Vehumet
  9625 | D:7      | Offered knowledge of Foxfire by Vehumet.
  9953 | D:7      | Reached skill level 10 in Spellcasting
 10291 | D:8      | Found a sand-covered staircase.
 10381 | Ossuary  | Entered an ossuary
 11404 | Ossuary  | Offered knowledge of Sandblast by Vehumet.
 11431 | Ossuary  | Reached ** piety under Vehumet
 11539 | D:8      | Found a sacrificial altar of Ru.
 11797 | D:8      | Noticed a tengu conjurer
 11811 | D:8      | Reached XP level 10. HP: 37/58 MP: 15/26
 11812 | D:8      | Reached skill level 5 in Dodging
 11926 | D:8      | Reached skill level 11 in Spellcasting
 12891 | D:9      | Noticed a two-headed ogre
 12892 | D:9      | Reached skill level 5 in Fighting
 13041 | D:9      | Offered knowledge of Ignite Poison by Vehumet.
 13056 | D:9      | Reached skill level 1 in Evocations
 13069 | D:9      | Killed a two-headed ogre
 13070 | D:9      | Reached skill level 12 in Spellcasting
 13226 | D:9      | Found a staircase to the Orcish Mines.
 13526 | D:9      | Noticed a two-headed ogre
 13532 | D:9      | Killed a two-headed ogre
 13697 | D:9      | Found Reemomoq's Hallowed Reliquary.
 13705 | D:9      | Noticed an angel
 13957 | D:10     | Entered Level 10 of the Dungeon
 13985 | D:10     | Reached *** piety under Vehumet
 13990 | D:10     | Learned a level 3 spell: Ignite Poison
 14108 | D:10     | Noticed an orc knight
 14129 | D:10     | Killed an orc knight
 14130 | D:10     | Reached skill level 5 in Evocations
 14604 | D:10     | Noticed a white ugly thing
 14613 | D:10     | Killed a white ugly thing
 14614 | D:10     | Reached XP level 11. HP: 13/63 MP: 9/29
 14621 | D:9      | Learned a level 4 spell: Olgreb's Toxic Radiance
 15218 | D:10     | Noticed a two-headed ogre
 15229 | D:10     | Killed a two-headed ogre
 15230 | D:10     | Reached skill level 1 in Transmutations
 15230 | D:10     | Reached skill level 1 in Fire Magic
 15230 | D:10     | Reached skill level 1 in Poison Magic
 15354 | D:10     | Noticed a centaur warrior
 15356 | D:10     | Shot with an arrow by a centaur warrior

Illustrated notes

Levels and vault maps discovered:
D:1:      dpeg_arrival_ternary, layout_loops_ring,
          shapermc_ecumenical_altar_notcrosses, minmay_misc_feat_roman
D:2:      layout_loops_ring
D:3:      layout_loops_ring, portal_sewer_entry_d, minivault_26
D:4:      layout_rooms, minitemple, lemuel_zombie_altar_yredelemnul,
          kennysheep_pointless_box, minmay_misc_feat_rows, wad_woods_river_04,
          uniq_pikel
D:5:      layout_basic, minmay_misc_feat_four_crosses
D:6:      layout_cave_pods, nicolae_elyvilon_temple_path, temple_green,
          kennysheep_cross_room
D:7:      layout_loops_ring, amethyst_killhole
D:8:      layout_basic, nicolae_ru_great_annihilating_truth, enter_ossuary_3,
          minmay_misc_feat_nine_boxes, grunt_ministairs_14, st_stairs_3
D:9:      layout_rooms, david_orc_3, nicolae_good_shop
D:10:     layout_loops_ring, minmay_shattered_shrine

Skill      XL: |  1  2  3  4  5  6  7  8  9 10 11 |
---------------+----------------------------------+-----
Spellcasting   | 4 5 6 7 8 10 12 | 12.0
Conjurations   | 5 7 |  7.0
Hexes          | 2 3 5 6 7 9 |  9.0
Stealth        | 3 4 5 7 |  7.0
Translocations | 3 5 |  5.0
Fighting       | 1 4 5 |  5.0
Dodging        | 4 7 |  7.0
Evocations     | 5 |  5.0
Transmutations | 1 |  1.9
Fire Magic     | 1 |  1.8
Poison Magic   | 1 |  1.8

Action                   |  1- 3 |  4- 6 |  7- 9 | 10-12 || total
-------------------------+-------+-------+-------+-------++-------
Melee: Staff             |       |       |       |     1 ||     1
 Fire: Hunting sling     |       |    17 |   111 |    26 ||   154
 Cast: Magic Dart        |    26 |    68 |    10 |       ||   104
       Searing Ray       |     4 |    38 |   104 |    36 ||   182
       Fulminant Prism   |       |       |    19 |    26 ||    45
       Iskenderun's Myst |       |       |     2 |    12 ||    14
  Use: Scroll            |       |     8 |     8 |     1 ||    17
       Potion            |       |     1 |       |       ||     1
Armor: Robe              |       |     6 |     8 |    10 ||    24
Dodge: Dodged            |     2 |    14 |    34 |    31 ||    81

Table legend: (Time is in decaauts)
 A = Elapsed time spent in this place.
 B = Non-inter-level travel time spent in this place.
 C = Inter-level travel time spent in this place.
 D = Time resting spent in this place.
 E = Time spent auto-exploring this place.
 F = Levels seen in this place.
 G = Mean time per level.
                   A        B        C        D        E       F      G
               +--------+--------+--------+--------+--------+-----+--------+
         Total |  15454 |  15224 |    230 |   7484 |   5075 |  12 | 1287.8 |
       Dungeon |  12845 |  12615 |    230 |   5947 |   5036 |  10 | 1284.5 |
         Sewer |   1456 |   1456 |      0 |    891 |      0 |   1 | 1456.0 |
       Ossuary |   1152 |   1152 |      0 |    646 |     39 |   1 | 1152.0 |
               +--------+--------+--------+--------+--------+-----+--------+

Top non-repeatable levels by time:
     D:9: 1718 daAuts
     D:7: 1674 daAuts
     D:6: 1648 daAuts
     D:8: 1533 daAuts
   Sewer: 1456 daAuts
     D:4: 1439 daAuts
     D:5: 1178 daAuts
 Ossuary: 1152 daAuts
     D:1: 1070 daAuts
     D:2: 1049 daAuts
     D:3: 847 daAuts
    D:10: 684 daAuts
